 Dungeon Crawl Stone Soup version 0.27.0-1-g7a089689b8 (webtiles) character file.

Game seed: 3685908643787222709

62 Descartes the Covert (level 3, -1/19 HPs)
             Began as a Spriggan Delver on Aug 7, 2021.
             Slain by Edmund (9 damage)
             ... on level 4 of the Dungeon.
             The game lasted 00:00:38 (108 turns).

Descartes the Covert (Spriggan Delver)               Turns: 108, Time: 00:00:39

Health: -1/19      AC:  2    Str:  9    XL:     3   Next: 85%
Magic:  4/4        EV: 17    Int: 11    God:
Gold:   15         SH:  0    Dex: 16    Spells: 2/2 levels left

rFire    . . .     SeeInvis +   a - +0 short sword
rCold    . . .     Faith    .   (shield restricted)
rNeg     . . .     Spirit   .   b - +0 robe
rPois    .         Reflect  .   (helmet restricted)
rElec    .         Harm     .   (no cloak)
rCorr    .         Rampage  .   (gloves unavailable)
Will     .....                  (boots unavailable)
Stlth    ++++......             (no amulet)
HPRegen  0.06/turn              (no ring)
MPRegen  0.09/turn              (no ring)

@: very quick
A: very small, no large weapons, unfitting armour, see invisible, speed 3
a: no special abilities


You were on level 4 of the Dungeon.
You visited 1 branch of the dungeon, and saw 2 of its levels.

You collected 15 gold pieces.

Inventory:

Hand Weapons
 a - a +0 short sword (weapon)
Armour
 b - a +0 robe (worn)
Wands
 g - a wand of digging (3)
Scrolls
 c - a scroll of fog
 d - a scroll of magic mapping
 e - a scroll of fear
 h - 3 scrolls of identify {unknown}
Potions
 f - a potion of haste
 i - a potion of degeneration {unknown}


   Skills:
 - Level 2.6 Fighting
 + Level 2.3 Short Blades
 + Level 2.9 Dodging
 + Level 8.9 Stealth


You had 2 spell levels left.
You didn't know any spells.
Your spell library was empty.

Dungeon Overview and Level Annotations

Branches:
Dungeon (5/15)
 Temple: D:4-7

Altars:

Annotations:
D:4 Edmund


Innate Abilities, Weirdness & Mutations

You are very small and have problems with some larger weapons.
You are too small for most types of armour.
You have supernaturally acute eyesight. (SInv)
You cover ground extremely quickly. (Speed+++)


Message History

An iguana and a hound come into view.
Found 18 gold pieces.
The hound barks!
The iguana hisses angrily.
You hit the hound.
The hound is lightly wounded.
The hound bites you. x2
You hit the hound.
The hound is lightly wounded.
The iguana bites you. The hound misses you.
You barely miss the hound.
The hound is lightly wounded.
The hound barely misses you. The centaur zombie closely misses you.
The centaur zombie kicks you but does no damage.
The iguana barely misses you. The hound closely misses you.
You hit the hound.
The hound is heavily wounded.
The centaur zombie closely misses you. The centaur zombie barely misses you.
The iguana closely misses you. The hound misses you.
The centaur zombie hits you. The centaur zombie misses you.
You are too injured to fight recklessly!
You are too injured to fight recklessly!
You are too injured to fight recklessly!
You are too injured to fight recklessly!
You are too injured to fight recklessly!
You are too injured to fight recklessly!
You are too injured to fight recklessly!
You are too injured to fight recklessly!
You are too injured to fight recklessly!
You are too injured to fight recklessly!
You are too injured to fight recklessly!
Found 18 stones.
Found 9 gold pieces.
There is a stone staircase leading up here.
You climb upwards.
Level annotation: Edmund Edmund drinks a potion.
Edmund flickers and vanishes for a moment.
Edmund hits you with a +5 flail of protection!
You die...

###### ..... ...#
...####
#######.......
####...@@........
.........)........
#####..#.##.....##
#..#.. .<.....
#..............
###.##........# ..
......... ...
......... #.#
...#....#


You could see Edmund (invisible).

Vanquished Creatures
  A bullfrog (D:5)
  A goblin (D:4)
  A quokka (D:5)
3 creatures vanquished.

Notes
Turn   | Place    | Note
-------+----------+-------------------------------------------
     0 | D:5      | Descartes the Spriggan Delver began the quest for the Orb.
     0 | D:5      | Reached XP level 1. HP: 11/11 MP: 2/2
    25 | D:5      | Noticed a bullfrog
    32 | D:5      | Killed a bullfrog
    33 | D:5      | Reached skill level 8 in Stealth
    33 | D:5      | Reached XP level 2. HP: 16/16 MP: 3/3
    33 | D:5      | Reached XP level 3. HP: 19/19 MP: 4/4
    50 | D:4      | Noticed Edmund
   108 | D:4      | Slain by Edmund

Illustrated notes

Levels and vault maps discovered:
D:4:      layout_basic, nzn_wu_jian_council_hall,
          nicolae_dithmenos_through_a_glass_darkly, nicolae_alphabet_shops,
          uniq_edmund
D:5:      layout_loops_ring, roderic_roman_lattice, kennysheep_cross_bottleneck,
          glass_columns_b

Skill      XL: |  1 |
---------------+----+-----
Stealth        | 8 |  8.9
Fighting       | |  2.6
Short Blades   | |  2.3
Dodging        | |  2.9

Action                   || total
-------------------------++-------
Melee: Short sword       ||     7
 Stab: Sleeping          ||     3
Armor: Robe              ||     1
Dodge: Dodged            ||    10
